 Dungeon Crawl Stone Soup version 0.20.1-1-g8b1a95d (webtiles) character file.

46 HammerPanzer the Cudgeler (level 3, -6/29 HPs)
             Began as a Demonspawn Berserker on Oct 26, 2017.
             Was a Follower of Trog.
             Mangled by a gnoll
             ... wielding a +0 halberd
              (11 damage)
             ... on level 2 of the Dungeon.
             The game lasted 00:04:14 (1221 turns).

HammerPanzer the Cudgeler (Demonspawn Berserker)    Turns: 1221, Time: 00:04:15

Health: -6/29      AC:  5    Str: 18    XL:     3   Next: 44%
Magic:  3/3        EV: 11    Int:  8    God:    Trog [*.....]
Gold:   123        SH:  0    Dex: 12    Spells: 2/2 levels left

rFire    . . .     SeeInvis .   a - +1 mace
rCold    . . .     Gourm    .   (no shield)
rNeg     . . .     Faith    .   e - +0 ring mail (curse)
rPois    .         Spirit   .   (no helmet)
rElec    .         Reflect  .   (no cloak)
rCorr    .         Harm     .   (no gloves)
MR       .....                  (no boots)
Stlth    +.........             (no amulet)
Regen    0.1/turn               (no ring)
MPRegen  0.1/turn               (no ring)

@: no status effects
A: rot immunity
a: Berserk, Burn Spellbooks, Renounce Religion


You were on level 2 of the Dungeon.
You worshipped Trog.
Trog was aware of your devotion.
You were not hungry.

You visited 1 branch of the dungeon, and saw 2 of its levels.

You collected 123 gold pieces.

Inventory:

Hand Weapons
 a - a +1 mace (weapon)
Armour
 e - a cursed +0 ring mail (worn)
Scrolls
 b - a scroll of amnesia
 k - a scroll of identify {unknown}
 m - a scroll of fog {unknown}
Potions
 d - a potion of mutation {unknown}
 f - a potion of degeneration {unknown}
 h - 3 potions of curing {unknown}
 i - a potion of haste {unknown}
 j - a potion of resistance {unknown}
Comestibles
 c - a bread ration
 g - 3 chunks of flesh
 l - a meat ration


   Skills:
 - Level 3.0 Fighting
 + Level 4.0 Maces & Flails
 - Level 1.7 Armour
 - Level 1.7 Dodging
 + Level 0.4 Stealth


You had 2 spell levels left.
You didn't know any spells.

Dungeon Overview and Level Annotations

Branches:
Dungeon (2/15)

Altars:
Cheibriados
Qazlal
Yredelemnul


Innate Abilities, Weirdness & Mutations

You are immune to rotting.


Message History

You hit the gnoll.
You kill the gnoll!
Trog accepts your kill.
Your Maces & Flails skill increases to level 4!
The gnoll barely misses you.
Your ring mail prevents you from hitting the gnoll.
The gnoll hits you but does no damage. The gnoll closely misses you.
The gnoll hits you but does no damage.
You barely miss the gnoll. The gnoll closely misses you.
The gnoll hits you with a whip.
Some of the chunks of flesh in your inventory have rotted away.
You barely miss the gnoll. The gnoll hits you but does no damage.
The gnoll barely misses you.
You hit the gnoll but do no damage. The gnoll hits you with a whip!
* * * LOW HITPOINT WARNING * * *
The gnoll misses you.
You closely miss the gnoll. The gnoll hits you with a whip.
* * * LOW HITPOINT WARNING * * *
The gnoll hits you from afar with a halberd!
You die...

#.........⌠...⌠.#
#...............#
#########...<...#
#.......#
#.⌠...⌠.# b.
##.....## ...
#..⌠..# ....
#.#.#.########....
#......@g.........
#####.###g........
#.##..._......
#.##.......##
#.#.........#
#.#._..⌠....#
#.#.........#
#.#..$..._.##
#.#?.......#


You could see 2 gnolls.

Vanquished Creatures
  A gnoll (D:2)
  2 oozes (D:1)
  2 dart slugs (D:2)
  5 bats
  4 goblins
  A ball python (D:2)
  2 frilled lizards (D:2)
  5 kobolds
  5 rats
27 creatures vanquished.

Notes
Turn   | Place    | Note
-------+----------+-------------------------------------------
     0 | D:1      | HammerPanzer the Demonspawn Berserker began the quest for the Orb.
     0 | D:1      | Reached XP level 1. HP: 18/18 MP: 1/1
    59 | D:1      | Reached skill level 3 in Maces & Flails
   221 | D:1      | Gained mutation: You are immune to rotting. [demonic ancestry]
   221 | D:1      | Reached XP level 2. HP: 13/24 MP: 2/2
   682 | D:1      | You fall through a shaft!
   990 | D:2      | Reached XP level 3. HP: 25/29 MP: 3/3
  1093 | D:2      | Found a basalt altar of Yredelemnul.
  1095 | D:2      | Found a snail-covered altar of Cheibriados.
  1097 | D:2      | Found a stormy altar of Qazlal.
  1216 | D:2      | Reached skill level 4 in Maces & Flails
  1221 | D:2      | Mangled by a gnoll

Skill      XL: |  1  2  3 |
---------------+----------+-----
Maces & Flails | 3 4 |  4.0
Fighting       | |  3.0
Armour         | |  1.7
Dodging        | |  1.7
Stealth        | |  0.4

Action                   || total
-------------------------++-------
Melee: Mace              ||    91
  Use: Scroll            ||     4
  Eat: Chunk             ||     1
Armor: Ring mail         ||    36
       Animal skin       ||     1
Dodge: Dodged            ||    89
